 Dungeon Crawl Stone Soup version 0.24-a0-493-g7e4ddcd485 (webtiles) character file.

Game seed: 9717722133863302690

1603 Gynju the Destroyer (level 8, -2/58 HPs)
             Began as a Red Draconian Conjurer on July 12, 2019.
             Was an Initiate of Vehumet.
             Slain by Pikel
             ... wielding a +2 whip of electrocution
              (14 damage)
             ... on level 8 of the Dungeon.
             The game lasted 00:17:21 (9534 turns).

Gynju the Destroyer (Red Draconian Conjurer)        Turns: 9534, Time: 00:17:22

Health: -2/58      AC:  6    Str: 10    XL:     8   Next: 63%
Magic:  0/23       EV: 12    Int: 20    God:    Vehumet [......]
Gold:   412        SH:  6    Dex: 12    Spells: 10/15 levels left

rFire    + . .     SeeInvis .   t - +4 flail
rCold    . . .     Gourm    .   s - +1 buckler
rNeg     . . .     Faith    .   (armour unavailable)
rPois    .         Spirit   +   q - +0 hat
rElec    .         Reflect  .   H - scarf {cloud immunity}
rCorr    .         Harm     .   (no gloves)
MR       .....                  (no boots)
Stlth    ++........             r - amulet of guardian spirit
HPRegen  0.19/turn              j - +2 ring of intelligence
MPRegen  0.18/turn              x - ring of magical power

@: no status effects
A: breathe fire, unfitting armour, fire resistance 1, cold-blooded, AC +6
a: Breathe Fire, Renounce Religion


You were on level 8 of the Dungeon.
You worshipped Vehumet.
Vehumet was noncommittal.
You were near starving.

You visited 2 branches of the dungeon, and saw 9 of its levels.

You collected 412 gold pieces.

Inventory:

Hand Weapons
 a - a +3 dagger of venom
 b - a +0 hunting sling
 t - a +4 flail (weapon)
Missiles
 n - 175 stones (quivered)
Armour
 q - a +0 hat (worn)
 s - a +1 buckler (worn)
 H - a scarf of cloud immunity (worn)
Jewellery
 h - an uncursed ring of ice
 i - an uncursed ring of ice
 j - a +2 ring of intelligence (left hand)
 r - an amulet of guardian spirit (around neck)
 x - a ring of magical power (right hand)
 F - an uncursed ring of protection from magic {unknown}
Wands
 p - a wand of paralysis (9)
 A - a wand of digging (5)
Scrolls
 d - 3 scrolls of blinking
 f - 5 scrolls of identify
 g - 3 scrolls of remove curse
 m - 3 scrolls of teleportation
 y - 2 scrolls of magic mapping
 C - a scroll of torment {unknown}
 D - a scroll of enchant weapon
 J - a scroll of amnesia {unknown}
Potions
 c - a potion of magic
 e - 4 potions of curing
 l - 2 potions of cancellation
 o - 2 potions of brilliance
 u - a potion of flight
 v - a potion of berserk rage {unknown}
 w - 3 potions of lignification
 z - 2 potions of might {unknown}
 B - a potion of invisibility {unknown}
 E - a potion of degeneration {unknown}
 I - 2 potions of haste {unknown}
Comestibles
 k - 17 rations


   Skills:
 + Level 0.6 Fighting
 + Level 2.0 Dodging
 - Level 1.7 Stealth
 - Level 4.0 Shields
 - Level 4.0 Spellcasting
 + Level 10.0 Conjurations


You had 10 spell levels left.
You knew the following spells:

 Your Spells              Type           Power        Failure   Level  Hunger
a - Magic Dart            Conj           ####         1%          1    None
b - Iskenderun's Mystic   Conj           #####...     1%          4    ####...

Your spell library contained the following spells:

 Spells                   Type           Power        Failure   Level  Hunger
 Searing Ray              Conj           #####.       1%          2    #......
 Dazzling Spray           Conj/Hex       ###...       4%          3    ###....
 Force Lance              Conj/Tloc      ###.....     16%         4    ####...
 Fulminant Prism          Conj/Hex       ###.......   16%         4    ####...


Dungeon Overview and Level Annotations

Branches:
Dungeon (7/15)             Temple (1/1) D:5

Altars:
Ashenzari
Cheibriados
Dithmenos
Elyvilon
Fedhas
Gozag
Hepliaklqana
Kikubaaqudgha
Makhleb
Nemelex Xobeh
Okawaru
Qazlal
Ru
Sif Muna
Trog
Uskayaw
Vehumet
Wu Jian
Xom
Yredelemnul
The Shining One

Shops:
D:5 *

Annotations:
D:2 1 runed translucent door, Crazy Yiuf
D:8 Pikel


Innate Abilities, Weirdness & Mutations

You can breathe blasts of fire.
Your fiery red scales are hard. (AC +6)
You cannot fit into any form of body armour.
Your flesh is heat resistant. (rF+)
You are cold-blooded and may be slowed by cold attacks.


Message History

Pikel is moderately wounded.
Pikel closely misses you.
You barely miss Pikel.
Pikel is moderately wounded.
Pikel hits you with a +2 whip of electrocution.
Pikel hits you but does no damage.
You hit Pikel.
Pikel is moderately wounded.
Pikel hits you with a +2 whip of electrocution.
You are electrocuted!
* * * LOW HITPOINT WARNING * * *
You hit Pikel.
Pikel is heavily wounded.
You block Pikel's attack. x2
You hit Pikel.
Pikel is heavily wounded.
Pikel hits you with a +2 whip of electrocution.
* * * LOW HITPOINT WARNING * * *
You are electrocuted!
You die...

#.#......)....####.#.
#.#....######## #.#.
#.#.##.# #.#.
#......# .......
###.#### #.♣.♣.# #..#
...... ##.# ♣ ♣.♣.♣
#.# .._... #@# ♣.♣
♣)♣ #K# .. p ##.##
#...# ##...####
#.......# #.##.##.#
#.# .# # #.# ..


You could see Pikel.

Vanquished Creatures
  A centaur skeleton (D:7)
  4 slaves (D:8)
  An ogre (D:6)
  2 centaurs (D:7)
  2 bullfrogs (D:7)
  A scorpion (D:8)
  2 crimson imps
  3 bullfrog zombies
  5 hounds
  A jelly (D:6)
  5 orc wizards
  2 bullfrog skeletons
  An iguana (D:4)
  5 worker ants
  12 adders
  A shadow imp (D:6)
  An ooze (D:1)
  An adder skeleton (D:4)
  4 worms
  3 dart slugs
  4 leopard geckos
  15 orcs
  3 giant cockroaches
  12 goblins
  5 hobgoblins
  8 jackals
  5 kobolds
  3 quokkas
  2 ball pythons
  5 bats
  2 frilled lizards
  8 rats
129 creatures vanquished.

Notes
Turn   | Place    | Note
-------+----------+-------------------------------------------
     0 | D:1      | Gynju the Draconian Conjurer began the quest for the Orb.
     0 | D:1      | Reached XP level 1. HP: 14/14 MP: 3/3
   132 | D:1      | Reached XP level 2. HP: 13/20 MP: 0/5
  1376 | D:2      | Reached XP level 3. HP: 26/26 MP: 2/7
  1535 | D:2      | Noticed an ogre
  2026 | D:2      | Reached XP level 4. HP: 26/33 MP: 3/8
  2032 | D:2      | Learned a level 4 spell: Iskenderun's Mystic Blast
  2940 | D:2      | Found a runed translucent door.
  2941 | D:2      | Noticed Crazy Yiuf
  2972 | D:2      | Reached skill level 5 in Conjurations
  3973 | D:3      | Reached XP level 5. HP: 38/38 MP: 8/10
  4613 | D:4      | Reached skill level 1 in Shields
  4970 | D:4      | Noticed an ogre
  5223 | D:4      | Reached XP level 6. HP: 45/45 MP: 12/12
  5510 | D:4      | Reached skill level 6 in Conjurations
  6161 | D:5      | Entered Level 5 of the Dungeon
  6274 | D:5      | Found a basalt altar of Yredelemnul.
  6304 | D:5      | Found a staircase to the Ecumenical Temple.
  6304 | D:5      | Found Cueseeff's Mass Market.
  6313 | Temple   | Entered the Ecumenical Temple
  6536 | Temple   | Became a worshipper of Vehumet
  6856 | D:5      | Your scales start taking on a fiery red colour.
  6856 | D:5      | Reached XP level 7. HP: 49/50 MP: 13/13
  6856 | D:5      | Gained mutation: Your flesh is heat resistant. (rF+) [Red
                  | Draconian growth]
  7056 | D:5      | Found a blossoming altar of Fedhas.
  7298 | D:6      | Found a hide-covered altar of Uskayaw.
  7643 | D:6      | Reached skill level 7 in Conjurations
  8462 | D:7      | Reached skill level 8 in Conjurations
  8605 | D:7      | Reached XP level 8. HP: 49/57 MP: 10/14
  8827 | D:7      | Reached skill level 9 in Conjurations
  8967 | D:7      | Reached skill level 10 in Conjurations
  9141 | D:7      | You fall into a shaft and drop 1 floor!
  9285 | D:8      | Found an iron altar of Okawaru.
  9516 | D:8      | Noticed Pikel
  9534 | D:8      | Slain by Pikel

Levels and vault maps discovered:
D:1:      lemuel_arrival_behind_the_door_small, layout_basic
D:2:      layout_basic, uniq_crazy_yiuf_cottage
D:3:      layout_loops_ring, first_ration
D:4:      layout_gridville
D:5:      layout_gridville, yredelemnul_altar_generic, fedhas_altar_2,
          minmay_temple_entry_waves, minmay_shop_mass,
          minmay_misc_feat_more_columns, grunt_ministairs_14
D:6:      layout_basic, eat_drink_and_be_merry_uskayaw
D:7:      layout_rooms, serial_shops, nicolae_shop_stone
D:8:      layout_loops_cross, zin_statuary, serial_shops, shop_statue,
          the_bakery, okawaru_trees_1, uniq_pikel
Temple:   eino_narrow_crystal_temple

Skill      XL: |  1  2  3  4  5  6  7  8 |
---------------+-------------------------+-----
Spellcasting   | 3 4 |  4.0
Conjurations   | 5 6 8 10 | 10.0
Shields        | 1 3 4 |  4.0
Dodging        | 2 |  2.0
Fighting       | |  0.6
Stealth        | |  1.7

Action                   |  1- 3 |  4- 6 |  7- 9 || total
-------------------------+-------+-------+-------++-------
Melee: Unarmed           |     7 |       |       ||     7
       Spear             |    21 |     4 |       ||    25
       Dagger            |       |    25 |       ||    25
       Tailslap          |       |     3 |     1 ||     4
       Flail             |       |       |    21 ||    21
 Cast: Magic Dart        |    67 |   212 |   167 ||   446
       Iskenderun's Myst |       |       |    14 ||    14
  Use: Scroll            |       |    14 |       ||    14
  Eat: Chunk             |     3 |    15 |     6 ||    24
       Ration            |       |       |     1 ||     1
Armor: Skin              |     9 |    20 |    25 ||    54
Dodge: Dodged            |    13 |    37 |    31 ||    81
Block: Buckler           |       |    17 |    33 ||    50

Table legend:
 A = Non-vault XP
 B = Vault XP
 C = Vault XP percentage of total XP
 D = Non-vault monster count
 E = Vault monster count
 F = Vault count percentage of total count
                 A         B        C        D         E       F
            +---------+---------+-------+---------+---------+-------
      Total |    2246 |      45 |   2.0 |     124 |       1 |   0.8
            +---------+---------+-------+---------+---------+-------
        D:1 |      19 |       0 |   0.0 |       9 |       0 |   0.0
        D:2 |     120 |       0 |   0.0 |      32 |       0 |   0.0
        D:3 |     159 |       0 |   0.0 |      27 |       0 |   0.0
        D:4 |     311 |       0 |   0.0 |      20 |       0 |   0.0
        D:5 |     146 |      45 |  23.6 |      10 |       1 |   9.1
        D:6 |     459 |       0 |   0.0 |      12 |       0 |   0.0
        D:7 |     957 |       0 |   0.0 |      10 |       0 |   0.0
        D:8 |      75 |       0 |   0.0 |       4 |       0 |   0.0
            +---------+---------+-------+---------+---------+-------
